APL (24 & UNDER)
STATE COLLEGE SPIKES @ NANTUCKET ORCAS
08/31/2029
 
TOP OF THE 1ST
State College Spikes batting - Pitching for Nantucket Orcas : RHP Terry Leroux
Pitching: RHP Terry Leroux
Batting: RHB Andrew Pinto 0-0: Ball
1-0: Foul Ball, location: 2F
1-1: SINGLE (Groundball, 6D)
Batting: RHB Victor Gilbert 0-0: Called Strike
0-1: Foul Ball, location: 2F
0-2: Foul Ball, location: 2F
0-2: Ball
1-2: Ball
Andrew Pinto steals 2nd base
2-2: Ground out 5-3 (Groundball, 56)
Batting: LHB Wilson Turner 0-0: Called Strike
0-1: Called Strike
0-2: Ball
1-2: Foul Ball, location: 2F
1-2: Strikes out swinging
Batting: SHB Patrizio Batistuta 0-0: Called Strike
0-1: SINGLE (Line Drive, 34)
Andrew Pinto to third
Runner from 3rd tries for Home, SAFE, no throw
Batting: LHB Javier Morales 0-0: Ball
1-0: Ball
2-0: Called Strike
2-1: Foul Ball, location: 2F
2-2: Strikes out swinging
Top of the 1st over - 1 run, 2 hits, 0 errors, 1 left on base; State College 1 - Nantucket 0
BOTTOM OF THE 1ST
Nantucket Orcas batting - Pitching for State College Spikes : RHP Nelson Rivera
Pitching: RHP Nelson Rivera
Batting: RHB Charlie Pérez 0-0: Swinging Strike
0-1: Ball
1-1: Swinging Strike
1-2: Foul Ball, location: 2F
1-2: Foul Ball, location: 2F
1-2: Foul Ball, location: 2F
1-2: Strikes out looking
Batting: RHB Demetrio Inrouville 0-0: Swinging Strike
0-1: Foul Ball, location: 2F
0-2: Ball
1-2: Strikes out swinging
Batting: LHB Eugene Lee 0-0: Ball
1-0: Ground out 4-3 (Groundball, 4)
Bottom of the 1st over - 0 runs, 0 hits, 0 errors, 0 left on base; State College 1 - Nantucket 0
TOP OF THE 2ND
State College Spikes batting - Pitching for Nantucket Orcas : RHP Terry Leroux
Batting: RHB Mike Hurt 0-0: Foul Ball, location: 2F
0-1: Ball
1-1: Foul Ball, location: 2F
1-2: Ball
2-2: Foul Ball, location: 2F
2-2: SINGLE (Line Drive, 3L)
Batting: RHB Ira Ross 0-0: Ball
1-0: Called Strike
1-1: Foul Ball, location: 2F
1-2: Foul Ball, location: 2F
1-2: Ball
2-2: Strikes out swinging
Batting: RHB José Maldonado 0-0: Ball
1-0: Called Strike
1-1: SINGLE (Groundball, 6MD)
Mike Hurt to second
Runner from 2nd tries for 3rd, SAFE, no throw
Batting: RHB Sergio Serrano 0-0: SINGLE (Groundball, 6MD)
Mike Hurt scores
José Maldonado to second
Batting: RHB Andrew Pinto 0-0: Called Strike
0-1: Ball
José Maldonado steals 3rd base
Sergio Serrano to second
1-1: SINGLE (Groundball, 4MS) (infield hit)
José Maldonado scores
Sergio Serrano to third
Batting: RHB Victor Gilbert 0-0: Called Strike
0-1: Ball
1-1: Ball
2-1: Called Strike
2-2: Strikes out swinging
Batting: LHB Wilson Turner 0-0: Ball
1-0: Fielders Choice at 2nd, 6-4 (Groundball, 6)
Top of the 2nd over - 2 runs, 4 hits, 0 errors, 2 left on base; State College 3 - Nantucket 0
BOTTOM OF THE 2ND
Nantucket Orcas batting - Pitching for State College Spikes : RHP Nelson Rivera
Batting: RHB Fernando Álvarez 0-0: Called Strike
0-1: Ball
1-1: Called Strike
1-2: Ball
2-2: Strikes out swinging
Batting: LHB Alfonso Vélez 0-0: Ball
1-0: Ball
2-0: Ball
3-0: Base on Balls
Batting: RHB Ramiro Javier 0-0: Swinging Strike
0-1: Called Strike
0-2: Foul Ball, location: 2F
0-2: Ball
1-2: Ball
2-2: Ball
3-2: Base on Balls
Alfonso Vélez to second
Pitching: RHP Carlos Encarnación
Batting: SHB Brock Owens 0-0: Foul Ball, location: 2F
0-1: Ball
1-1: Swinging Strike
1-2: Ball
2-2: Ball
3-2: Base on Balls
Alfonso Vélez to third
Ramiro Javier to second
Batting: RHB Scotty Hicks 0-0: Ball
1-0: Ball
2-0: Fly out, F4 (Popup, 3D)
Batting: RHB Luis Cruz 0-0: Swinging Strike
0-1: Swinging Strike
0-2: Foul Ball, location: 2F
0-2: Foul Ball, location: 2F
0-2: Strikes out swinging
Bottom of the 2nd over - 0 runs, 0 hits, 0 errors, 3 left on base; State College 3 - Nantucket 0
TOP OF THE 3RD
State College Spikes batting - Pitching for Nantucket Orcas : RHP Terry Leroux
Batting: SHB Patrizio Batistuta 0-0: Foul Ball, location: 2F
0-1: Ball
1-1: Foul Ball, location: 2F
1-2: Ball
2-2: Foul Ball, location: 2F
2-2: Ball
3-2: Reached on error, E4 (Groundball, 4)
Batting: LHB Javier Morales 0-0: Called Strike
0-1: Foul Ball, location: 2F
0-2: Strikes out swinging
Batting: RHB Mike Hurt 0-0: Ball
1-0: Foul Ball, location: 2F
1-1: Called Strike
1-2: Ball
2-2: Strikes out looking
Batting: RHB Ira Ross 0-0: Swinging Strike
0-1: Swinging Strike
0-2: Ball
1-2: Foul Ball, location: 2F
1-2: Ball
2-2: Foul Ball, location: 2F
2-2: Ball
3-2: Fly out, F4 (Popup, 4)
Top of the 3rd over - 0 runs, 0 hits, 1 error, 1 left on base; State College 3 - Nantucket 0
BOTTOM OF THE 3RD
Nantucket Orcas batting - Pitching for State College Spikes : RHP Carlos Encarnación
Batting: RHB Charlie Pérez 0-0: Swinging Strike
0-1: Called Strike
0-2: Ball
1-2: Strikes out looking
Batting: RHB Demetrio Inrouville 0-0: Foul Ball, location: 2F
0-1: SINGLE (Groundball, 6MD)
Batting: LHB Eugene Lee 0-0: Ball
1-0: Called Strike
1-1: Ball
2-1: Foul Ball, location: 2F
2-2: Foul Ball, location: 2F
2-2: SINGLE (Groundball, 6D)
Demetrio Inrouville to second
Batting: RHB Fernando Álvarez 0-0: SINGLE (Groundball, 34D)
Demetrio Inrouville to third
Eugene Lee to second
Runner from 3rd tries for Home, SAFE, no throw
Batting: LHB Alfonso Vélez 0-0: Called Strike
0-1: Foul Ball, location: 2F
0-2: SINGLE (Groundball, 6D)
Eugene Lee to third
Fernando Álvarez to second
Runner from 3rd tries for Home, SAFE, throw made home
Batting: RHB Ramiro Javier 0-0: Ball
1-0: Called Strike
1-1: 3-RUN HOME RUN (Flyball, 7LD), Distance : 339 ft
Pitching: LHP Dan Brown
Batting: SHB Brock Owens 0-0: Fly out, F4 (Popup, 23)
Batting: RHB Scotty Hicks 0-0: Ball
1-0: Called Strike
1-1: Ball
2-1: Ground out 6-3 (Groundball, 6S)
Bottom of the 3rd over - 5 runs, 5 hits, 0 errors, 0 left on base; State College 3 - Nantucket 5
TOP OF THE 4TH
State College Spikes batting - Pitching for Nantucket Orcas : RHP Terry Leroux
Batting: RHB José Maldonado 0-0: Foul Ball, location: 2F
0-1: Ball
1-1: Ground out U3 (Groundball, 3)
Batting: RHB Sergio Serrano 0-0: Ball
1-0: Called Strike
1-1: Swinging Strike
1-2: Strikes out swinging
Batting: RHB Andrew Pinto 0-0: Ball
1-0: Foul Ball, location: 2F
1-1: SINGLE (Line Drive, 34D)
Batting: RHB Victor Gilbert 0-0: Ball
1-0: Called Strike
1-1: Fly out, F9 (Flyball, 9S)
Top of the 4th over - 0 runs, 1 hit, 0 errors, 1 left on base; State College 3 - Nantucket 5
BOTTOM OF THE 4TH
Nantucket Orcas batting - Pitching for State College Spikes : LHP Dan Brown
Batting: RHB Luis Cruz 0-0: Ball
1-0: Fly out, F9 (Flyball, 9S)
Batting: RHB Charlie Pérez 0-0: Swinging Strike
0-1: Foul Ball, location: 2F
0-2: Ball
1-2: Strikes out swinging
Pitching: LHP José Deleón
Batting: RHB Demetrio Inrouville 0-0: Called Strike
0-1: Fly out, F8 (Line Drive, 8LM)
Bottom of the 4th over - 0 runs, 0 hits, 0 errors, 0 left on base; State College 3 - Nantucket 5
TOP OF THE 5TH
State College Spikes batting - Pitching for Nantucket Orcas : RHP Terry Leroux
Pitching: LHP Stanley Wise
Batting: LHB Wilson Turner 0-0: Called Strike
0-1: Foul Ball, location: 2F
0-2: Ball
1-2: Ball
2-2: Strikes out looking
Batting: SHB Patrizio Batistuta 0-0: Swinging Strike
0-1: Swinging Strike
0-2: SINGLE (Line Drive, 7LS)
Batting: LHB Javier Morales 0-0: Ball
1-0: Called Strike
1-1: Ball
2-1: Called Strike
2-2: Ball
3-2: Base on Balls
Patrizio Batistuta to second
Batting: RHB Mike Hurt 0-0: Called Strike
0-1: Ball
1-1: Foul Ball, location: 2F
1-2: SINGLE (Line Drive, 8LS)
Patrizio Batistuta to third
Javier Morales to second
Batting: RHB Ira Ross 0-0: Ball
1-0: Ball
2-0: Called Strike
2-1: Ball
3-1: Base on Balls
Patrizio Batistuta scores
Javier Morales to third
Mike Hurt to second
Batting: RHB José Maldonado 0-0: Fly out, F8 (Flyball, 8RM)
Runner from 3rd tags up, SCORES, throw made
Batting: RHB Sergio Serrano 0-0: Ball
1-0: Ball
2-0: Called Strike
2-1: Foul Ball, location: 2F
2-2: Strikes out looking
Top of the 5th over - 2 runs, 2 hits, 0 errors, 2 left on base; State College 5 - Nantucket 5
BOTTOM OF THE 5TH
Nantucket Orcas batting - Pitching for State College Spikes : LHP José Deleón
Pitching: RHP Millard Ford
Batting: LHB Eugene Lee 0-0: Called Strike
0-1: Ball
1-1: Ball
2-1: Ball
3-1: Base on Balls
Batting: RHB Fernando Álvarez 0-0: Called Strike
0-1: Ball
1-1: Grounds into double play, 6-4-3 (Groundball, 6)
Batting: LHB Alfonso Vélez 0-0: Ball
1-0: Ball
2-0: Ball
3-0: Called Strike
3-1: Foul Ball, location: 2F
3-2: Foul Ball, location: 2F
3-2: Foul Ball, location: 2F
3-2: Base on Balls
Batting: RHB Ramiro Javier 0-0: Fly out, F7 (Flyball, 7S)
Bottom of the 5th over - 0 runs, 0 hits, 0 errors, 1 left on base; State College 5 - Nantucket 5
TOP OF THE 6TH
State College Spikes batting - Pitching for Nantucket Orcas : LHP Stanley Wise
Pitching: RHP Armando Chávez
Batting: RHB Andrew Pinto 0-0: Ball
1-0: SOLO HOME RUN (Flyball, 78XD), Distance : 399 ft
Batting: RHB Victor Gilbert 0-0: Called Strike
0-1: Foul Ball, location: 2F
0-2: Strikes out swinging
Batting: LHB Wilson Turner 0-0: Ground out 5-3 (Groundball, 56S)
Batting: SHB Patrizio Batistuta 0-0: Ball
1-0: Foul Ball, location: 2F
1-1: Foul Ball, location: 2F
1-2: Ball
2-2: Ball
3-2: Strikes out swinging
Top of the 6th over - 1 run, 1 hit, 0 errors, 0 left on base; State College 6 - Nantucket 5
BOTTOM OF THE 6TH
Nantucket Orcas batting - Pitching for State College Spikes : RHP Millard Ford
Batting: SHB Brock Owens 0-0: Called Strike
0-1: Called Strike
0-2: Fly out, F7 (Flyball, 78D)
Batting: RHB Scotty Hicks 0-0: Ball
1-0: Swinging Strike
1-1: Swinging Strike
1-2: Foul Ball, location: 2F
1-2: Foul Ball, location: 2F
1-2: Ball
2-2: Foul Ball, location: 2F
2-2: Foul Ball, location: 2F
2-2: Ball
3-2: Base on Balls
Batting: RHB Luis Cruz 0-0: Swinging Strike
0-1: Ground out 5-3 (Groundball, 56)
Scotty Hicks to second
Batting: RHB Charlie Pérez 0-0: Swinging Strike
0-1: Swinging Strike
0-2: Strikes out swinging
Bottom of the 6th over - 0 runs, 0 hits, 0 errors, 1 left on base; State College 6 - Nantucket 5
TOP OF THE 7TH
State College Spikes batting - Pitching for Nantucket Orcas : RHP Armando Chávez
Batting: LHB Javier Morales 0-0: SINGLE (Groundball, 34D)
Batting: RHB Mike Hurt 0-0: Called Strike
0-1: Ball
1-1: Fly out, F3 (Popup, 3S)
Batting: RHB Ira Ross 0-0: Ball
1-0: Ball
2-0: Ground out 5-3 (Groundball, 56S)
Javier Morales to second
Batting: RHB José Maldonado 0-0: Swinging Strike
0-1: Ball
1-1: Ball
2-1: Ball
3-1: Base on Balls
Batting: RHB Sergio Serrano 0-0: Ball
1-0: Ball
Passed Ball!
Javier Morales to third
José Maldonado to second
2-0: Ball
3-0: Foul Ball, location: 2F
3-1: Fly out, F6 (Line Drive, 6)
Top of the 7th over - 0 runs, 1 hit, 0 errors, 2 left on base; State College 6 - Nantucket 5
BOTTOM OF THE 7TH
Nantucket Orcas batting - Pitching for State College Spikes : RHP Millard Ford
Batting: RHB Demetrio Inrouville 0-0: Ball
1-0: Called Strike
1-1: Ball
2-1: Ball
3-1: Swinging Strike
3-2: Strikes out swinging
Batting: LHB Eugene Lee 0-0: Called Strike
0-1: Swinging Strike
0-2: Ball
1-2: Ball
2-2: Strikes out swinging
Batting: RHB Fernando Álvarez 0-0: Ball
1-0: Ball
2-0: Foul Ball, location: 2F
2-1: Swinging Strike
2-2: Strikes out swinging
Bottom of the 7th over - 0 runs, 0 hits, 0 errors, 0 left on base; State College 6 - Nantucket 5
TOP OF THE 8TH
State College Spikes batting - Pitching for Nantucket Orcas : RHP Armando Chávez
Batting: RHB Andrew Pinto 0-0: Swinging Strike
0-1: Foul Ball, location: 2F
0-2: Ball
1-2: Ball
2-2: Ball
3-2: Foul Ball, location: 2F
3-2: Ground out 5-3 (Groundball, 56S)
Batting: RHB Victor Gilbert 0-0: Foul Ball, location: 2F
0-1: Foul Ball, location: 2F
0-2: Strikes out swinging
Batting: LHB Wilson Turner 0-0: Called Strike
0-1: Swinging Strike
0-2: Ball
1-2: Ball
2-2: Strikes out swinging
Top of the 8th over - 0 runs, 0 hits, 0 errors, 0 left on base; State College 6 - Nantucket 5
BOTTOM OF THE 8TH
Nantucket Orcas batting - Pitching for State College Spikes : RHP Millard Ford
Batting: LHB Alfonso Vélez 0-0: Ground out 6-3 (Groundball, 6)
Batting: RHB Ramiro Javier 0-0: Ball
1-0: Ground out 6-3 (Groundball, 56)
Batting: SHB Brock Owens 0-0: Foul Ball, location: 2F
0-1: Ball
1-1: Ground out 4-3 (Groundball, 4)
Bottom of the 8th over - 0 runs, 0 hits, 0 errors, 0 left on base; State College 6 - Nantucket 5
TOP OF THE 9TH
State College Spikes batting - Pitching for Nantucket Orcas : RHP Armando Chávez
Batting: SHB Patrizio Batistuta 0-0: Called Strike
0-1: Foul Ball, location: 2F
0-2: Ball
1-2: Fly out, F9 (Flyball, 9)
Batting: LHB Javier Morales 0-0: Ball
1-0: DOUBLE (Line Drive, 9LS)
Batting: RHB Mike Hurt 0-0: Called Strike
0-1: Called Strike
0-2: Fly out, F3 (Line Drive, 3S)
Batting: RHB Ira Ross 0-0: Ball
1-0: Ball
2-0: Swinging Strike
2-1: Ball
3-1: Foul Ball, location: 2F
3-2: Base on Balls
Batting: RHB José Maldonado 0-0: Ball
1-0: Ball
2-0: Called Strike
2-1: Ball
3-1: Base on Balls
Javier Morales to third
Ira Ross to second
Batting: RHB Sergio Serrano 0-0: Reached on error, E2 (Groundball, 2R)
Javier Morales scores
Ira Ross scores
José Maldonado to third
Pitching: RHP Gerard Pérez
Batting: RHB Andrew Pinto 0-0: Ball
1-0: Called Strike
1-1: Ground out 6-3 (Groundball, 6)
Top of the 9th over - 2 runs, 1 hit, 1 error, 2 left on base; State College 8 - Nantucket 5
BOTTOM OF THE 9TH
Nantucket Orcas batting - Pitching for State College Spikes : RHP Millard Ford
Batting: RHB Scotty Hicks 0-0: Ball
1-0: Ball
2-0: Ball
3-0: Called Strike
3-1: Base on Balls
Batting: RHB Luis Cruz 0-0: Called Strike
0-1: Ball
1-1: SINGLE (Groundball, 4MD)
Scotty Hicks to second
Batting: RHB Charlie Pérez 0-0: Grounds into double play, 1-6-3 (Groundball, P)
Scotty Hicks to third
Batting: RHB Demetrio Inrouville 0-0: Called Strike
0-1: Ball
1-1: Foul Ball, location: 2F
1-2: Ground out 6-3 (Groundball, 6)
Bottom of the 9th over - 0 runs, 1 hit, 0 errors, 1 left on base; State College 8 - Nantucket 5
Saturday, December 16th, 2017 - OOTP Baseball 18.8 Build 76